 Dungeon Crawl Stone Soup version 0.16-a0-3855-gd2600ac (webtiles) character file.

378 timbw the Caller (level 7, -2/46 HPs)
             Began as a Human Summoner on Jan 31, 2015.
             Was a Follower of Sif Muna.
             Slain by a killer bee (8 damage)
             ... on level 7 of the Dungeon.
             The game lasted 00:09:06 (1133 turns).

timbw the Caller (Human Summoner)                   Turns: 1133, Time: 00:09:07

Health: -2/46      AC:  3    Str:  8      XL:     7   Next: 4%
Magic:  0/17       EV: 12    Int: 17      God:    Sif Muna [*.....]
Gold:   107        SH:  0    Dex: 12 (14) Spells: 4 memorised, 4 levels left

rFire  . . .     SeeInvis .     l - +2 lajatang (pain)
rCold  . . .     Clarity  .     a - +0 robe
rNeg   . . .     SustAb   .     (no shield)
rPois  .         Gourm    .     (no helmet)
rElec  .         Spirit   .     (no cloak)
rCorr  .         Warding  .     (no gloves)
rMut   .         Stasis   .     g - +0 pair of boots
MR     .....                    f - amulet of regeneration
Stlth  ++........               (no ring)
                                (no ring)

@: about to teleport, not resistant to hostile enchantments, unstealthy
A: no striking features
a: Channel Energy, Renounce Religion


You were on level 7 of the Dungeon.
You worshipped Sif Muna.
Sif Muna was aware of your devotion.
You were hungry.

You visited 2 branches of the dungeon, and saw 9 of its levels.

You collected 107 gold pieces.

Inventory:

Hand weapons
 h - a +0 whip of slashing
 l - a +2 lajatang of pain (weapon)
 m - a -3 rapier
Armour
 a - a +0 robe (worn)
 g - a +0 pair of boots (worn)
Jewellery
 f - an amulet of regeneration (around neck)
 i - an uncursed ring of teleportation
Magical devices
 e - a wand of frost (18)
Potions
 d - 2 potions of cancellation
 k - 2 potions of restore abilities {unknown}
Books
 b - a book of Callings

   Spells                             Type                      Level
   a - Summon Small Mammal            Summoning                    1
   b - Call Imp                       Summoning                    2
   c - Call Canine Familiar           Summoning                    3
   d - Summon Guardian Golem          Hexes/Summoning              4
   e - Summon Lightning Spire         Summoning/Air                4
   f - Summon Ice Beast               Ice/Summoning                4
Comestibles
 c - 3 bread rations
 o - a beef jerky
 p - 7 slices of pizza
 s - 3 chunks of flesh


   Skills:
 - Level 2.0 Dodging
 - Level 2.0 Stealth
 + Level 4.4 Spellcasting
 + Level 6.1 Summonings
 + Level 1.6 Invocations


You had 4 spell levels left.
You knew the following spells:

 Your Spells              Type           Power        Failure   Level  Hunger
a - Summon Small Mammal   Summ           ###.         1%          1    None
b - Call Imp              Summ           ###.....     1%          2    ##.....
c - Call Canine Familiar  Summ           ###.....     4%          3    ###....
d - Summon Lightning Spi  Summ/Air       ##......     45%         4    ####...


Dungeon Overview and Level Annotations

Branches:
Dungeon (8/15)             Temple (1/1) D:4
   Lair: D:8-11

Altars:
Ashenzari
Cheibriados
Elyvilon
Kikubaaqudgha
Nemelex Xobeh
Okawaru
Qazlal
Sif Muna

Shops:
D:7 [=


Message History

* * * LOW HITPOINT WARNING * * *
Your bat barely misses the killer bee.
The killer bee stings you!
* * * LOW HITPOINT WARNING * * *
Your bat hits the killer bee but does no damage.
Unknown command.
Drink which item? (? for menu, Esc to quit)
It was a potion of curing.
You feel better.
Your bat barely misses the killer bee.
The killer bee stings you.
* * * LOW HITPOINT WARNING * * *
Your crimson imp hits the killer bee but does no damage.
The killer bee stings you.
* * * LOW HITPOINT WARNING * * *
Drink which item? (? for menu, Esc to quit)
Okay, then.
Drink which item? (? for menu, Esc to quit)
You feel better. The killer bee stings you.
* * * LOW HITPOINT WARNING * * *
Your crimson imp blinks!
The killer bee stings you!
You die... y

#.# ...#.# #..#.# #..#.#
#..#.# .#+##+##..#.#
..........#.#
........8..#.# #.h.#@# #
#..y#y#.# #. #...#y#.#
######..####....5..#
.... ............######
#.#####....(............
.............##.######
#######.#....).......#
.....# #.##....####.#


You could see 2 killer bees and a friendly crimson imp.

Vanquished Creatures
  A centaur (D:7)
  2 sheep (D:7)
  2 hobgoblins (D:7)
  2 jackals (D:4)
  A bat (D:3)
  2 giant geckos
  A giant newt (D:2)
  A goblin (D:7)
  4 rats
16 creatures vanquished.

Vanquished Creatures (collateral kills)
  A human (D:7)
  A phantom (D:6)
  An ice beast (D:7)
  A scorpion (D:4)
  A crimson imp (D:6)
  A quasit (D:7)
  2 sheep (D:7)
  An adder (D:4)
  An orc (D:4)
  3 giant cockroaches
  3 hobgoblins (D:1)
  A jackal (D:4)
  A bat (D:6)
  2 goblins
  A rat (D:1)
21 creatures vanquished.

Vanquished Creatures (others)
  5 hounds (D:7)
  3 crimson imps (D:7)
  An iron imp (D:7)
  5 white imps
  A shadow imp (D:7)
  3 quokkas
  4 bats
  4 rats
26 creatures vanquished.

Grand Total: 63 creatures vanquished

Notes
Turn   | Place    | Note
--------------------------------------------------------------
     0 | D:1      | timbw, the Human Summoner, began the quest for the Orb.
     0 | D:1      | Reached XP level 1. HP: 13/13 MP: 3/3
   140 | D:2      | Found a snail-covered altar of Cheibriados.
   183 | D:3      | Reached XP level 2. HP: 13/19 MP: 0/4
   199 | D:3      | Noticed an orc priest
   215 | D:4      | Learned a level 2 spell: Call Imp
   238 | D:4      | Found a staircase to the Ecumenical Temple.
   250 | Temple   | Entered the Ecumenical Temple
   263 | Temple   | Became a worshipper of Sif Muna the Loreminder
   352 | D:4      | Noticed a scorpion
   372 | D:4      | Killed a scorpion
   372 | D:4      | Reached XP level 3. HP: 20/24 MP: 1/6
   377 | D:4      | Learned a level 3 spell: Call Canine Familiar
   379 | D:5      | Entered Level 5 of the Dungeon
   462 | D:6      | Reached XP level 4. HP: 23/30 MP: 3/9
   475 | D:6      | Noticed a phantom
   494 | D:6      | Killed a phantom
   494 | D:6      | Reached skill level 5 in Summonings
   494 | D:6      | Reached XP level 5. HP: 23/35 MP: 2/11
   500 | D:6      | Learned a level 4 spell: Summon Lightning Spire
   583 | D:7      | Acquired Sif Muna's first power
   637 | D:7      | Noticed a human
   687 | D:7      | Killed a human
   687 | D:7      | Reached XP level 6. HP: 41/41 MP: 10/14
   831 | D:7      | Found Ukaenur's Antique Armour Shop.
   884 | D:7      | Noticed an ice beast
   936 | D:7      | Killed an ice beast
   936 | D:7      | Reached skill level 6 in Summonings
   936 | D:7      | Reached skill level 1 in Invocations
   937 | D:7      | Found Klua's Jewellery Shoppe.
  1004 | D:7      | Noticed a centaur
  1098 | D:7      | Killed a centaur
  1098 | D:7      | Reached XP level 7. HP: 25/46 MP: 6/17
  1131 | D:7      | HP: 1/46 [killer bee (9)]
  1133 | D:7      | Slain by a killer bee

Action                   |  1- 3 |  4- 6 |  7- 9 || total
-------------------------+-------+-------+-------++-------
Melee: Unarmed           |     6 |       |       ||     6
       Whip              |    28 |    12 |       ||    40
       Lajatang          |       |    20 |       ||    20
 Cast: Summon Small Mamm |    15 |     6 |     5 ||    26
       Call Imp          |     7 |    17 |     3 ||    27
       Call Canine Famil |     1 |    12 |       ||    13
       Summon Lightning  |       |       |     1 ||     1
Invok: Channel Energy    |       |    18 |     3 ||    21
  Use: Scroll            |     5 |       |     3 ||     8
       Potion            |       |       |     2 ||     2
 Stab: Sleeping          |     2 |     1 |       ||     3
  Eat: Bread ration      |       |     1 |       ||     1
       Beef jerky        |       |     1 |       ||     1
       Chunk             |       |       |     1 ||     1
